 Dungeon Crawl Stone Soup version 0.28.0-43-g3370ac3207 (webtiles) character file.

Game seed: 461333292666759812

27 sking99 the Chiller (level 3, 24/24 HPs)
             Began as a Human Ice Elementalist on Mar 24, 2022.
             Quit the game on level 2 of the Dungeon.
             The game lasted 00:01:53 (1491 turns).

sking99 the Chiller (Human Ice Elementalist)        Turns: 1491, Time: 00:01:53

Health: 24/24      AC:  2    Str: 10    XL:     3   Next: 25%
Magic:  6/6        EV: 12    Int: 15    God:
Gold:   20         SH:  0    Dex: 13    Spells: 0/6 levels left

rFire   . . .      SeeInvis .   (no weapon)
rCold   . . .      Faith    .   (no shield)
rNeg    . . .      Spirit   .   a - +0 robe
rPois   .          Reflect  .   (no helmet)
rElec   .          Harm     .   (no cloak)
rCorr   .          Rampage  .   (no gloves)
Will    .....                   (no boots)
Stlth   ++........              (no amulet)
HPRegen 0.08/turn               (no ring)
MPRegen 0.10/turn               (no ring)

@: no status effects
A: no striking features
a: no special abilities


You were on level 2 of the Dungeon.
You visited 1 branch of the dungeon, and saw 2 of its levels.

You collected 20 gold pieces.

Inventory:

Armour
 a - a +0 robe (worn)
Scrolls
 b - a scroll of magic mapping {unknown}
 c - 2 scrolls of enchant armour {unknown}
 d - a scroll of immolation {unknown}
Potions
 e - a potion of heal wounds {unknown}
 f - a potion of curing {unknown}
 g - a potion of brilliance {unknown}
 h - a potion of attraction {unknown}


   Skills:
 + Level 2.4 Dodging
 - Level 2.0 Stealth
 + Level 2.3 Spellcasting
 * Level 4.5 Ice Magic


You couldn't memorise any spells.
You knew the following spells:

 Your Spells              Type           Power      Damage    Failure   Level
a - Freeze                Ice            60%        1d8       3%          1
b - Frozen Ramparts       Ice            30%        1d5       10%         3
c - Ensorcelled Hibernat  Hex/Ice        16%        N/A       13%         2

Your spell library contained the following spells:

 Spells                   Type           Power      Damage    Failure   Level
 Ozocubu's Armour         Ice            15%        N/A       10%         3
 Passwall                 Tmut/Erth      0%         N/A       32%         2
 Swiftness                Air            1%         N/A       54%         3
 Hailstorm                Conj/Ice       8%         3d4       63%         4


Dungeon Overview and Level Annotations

Branches:
Dungeon (2/15)

Altars:


Message History

The hobgoblin barely misses you.
Casting: Freeze (safe; 3% risk of failure)
Confirm with . or Enter, or press ? or * to list all spells.
Aiming: Freeze (safe; 3% risk of failure)
Press: ? - help, Shift-Dir - straight line, f - hobgoblin
Aim: a hobgoblin You freeze the hobgoblin.
The hobgoblin is moderately wounded.
The hobgoblin hits you.
A hobgoblin is nearby!
Casting: Freeze (safe; 3% risk of failure)
Confirm with . or Enter, or press ? or * to list all spells.
Aiming: Freeze (safe; 3% risk of failure)
Press: ? - help, Shift-Dir - straight line, f/p - hobgoblin
Aim: a hobgoblin (moderately wounded)
You freeze the hobgoblin.
You kill the hobgoblin!
Casting: Freeze (safe; 3% risk of failure)
Confirm with . or Enter, or press ? or * to list all spells.
You can't see any susceptible monsters within range! (Use Z to cast anyway.)
You start resting.
Magic restored.
You start resting.
HP restored.
You see here a hobgoblin corpse.
You see here a +0 ring mail.
Key pressed, stopping explore.
Done exploring.
Done exploring.
There is a stone staircase leading down here.
You climb downwards.
There is a stone staircase leading up here.
This spell is quite dangerous to cast!
Memorise Frozen Ramparts, consuming 3 spell levels and leaving 2?
You start memorising the spell.
You continue memorising. x3
You finish memorising.
Spell assigned to 'b'.
Memorise Ensorcelled Hibernation, consuming 2 spell levels and leaving 0?
You start memorising the spell.
You continue memorising. x2
You finish memorising.
Spell assigned to 'c'.
Are you sure you want to abandon this character and quit the game? (Confirm with "yes".) # #.##### #..@.<# #######

There were no monsters in sight!

Vanquished Creatures
  A dart slug (D:1)
  A ball python (D:1)
  4 bats (D:1)
  An endoplasm (D:1)
  2 giant cockroaches (D:1)
  A hobgoblin (D:1)
  6 jackals (D:1)
  3 kobolds (D:1)
  A frilled lizard (D:1)
  2 rats (D:1)
22 creatures vanquished.

Notes
Turn   | Place    | Note
-------+----------+-------------------------------------------
     0 | D:1      | sking99 the Human Ice Elementalist began the quest for the
                  | Orb.
     0 | D:1      | Reached XP level 1. HP: 13/13 MP: 3/3
   332 | D:1      | Reached XP level 2. HP: 18/19 MP: 3/5
   634 | D:1      | Found a faded altar of an unknown god.
   914 | D:1      | Reached XP level 3. HP: 24/24 MP: 3/6
  1488 | D:2      | Learned a level 3 spell: Frozen Ramparts
  1491 | D:2      | Learned a level 2 spell: Ensorcelled Hibernation
  1491 | D:2      | Quit the game

Illustrated notes

Levels and vault maps discovered:
D:1:      lightli_arrival_flooded_house, layout_basic,
          shapermc_ecumenical_altar_ellora, minmay_tall_x
D:2:      minmay_kobold_bridge, layout_basic, basic_altar

Action                   || total
-------------------------++-------
Melee: Unarmed           ||     2
 Cast: Freeze            ||    33
Armor: Robe              ||     6
Dodge: Dodged            ||    22
